 Dungeon Crawl Stone Soup version 0.29.1-15-g9cfb28693d (webtiles) character file.

Game seed: 18074167522813176521

93 MisterFreud the Twirler (level 4, -6/33 HPs)
             Began as a Formicid Gladiator on Apr 11, 2023.
             Killed by divine providence
             ... invoked by an orc priest
              (13 damage)
             ... on level 8 of the Dungeon.
             The game lasted 00:03:01 (3100 turns).

MisterFreud the Twirler (Formicid Gladiator)        Turns: 3100, Time: 00:03:02

Health: -6/33      AC:  3    Str: 20    XL:     4   Next: 92%
Magic:  4/4        EV: 12    Int:  8    God:
Gold:   155        SH:  0    Dex: 15    Spells: 3/3 levels left

rFire   . . .      SeeInvis +   a - +1 quarterstaff
rCold   . . .      Faith    .   (no shield)
rNeg    . . .      Spirit   .   b - +0 leather armour
rPois   .          Reflect  .   (helmet unavailable)
rElec   .          Harm     .   l - scarf {+Inv}
rCorr   .          Rampage  .   (no gloves)
Will    .....                   (no boots)
Stlth   +.........              (no amulet)
HPRegen 0.11/turn               (no ring)
MPRegen 0.09/turn               (no ring)

@: no status effects
A: permanent stasis, dig shafts and tunnels, antennae 3, four strong arms
a: Dig, Shaft Self, Evoke Invisibility


You were on level 8 of the Dungeon.
You visited 1 branch of the dungeon, and saw 7 of its levels.

You collected 155 gold pieces.

Inventory:

Hand Weapons
 a - a +1 quarterstaff (weapon)
Missiles
 c - 3 throwing nets (quivered)
 d - a javelin
 g - 8 poisoned darts
Armour
 b - a +0 leather armour (worn)
 l - a scarf of invisibility (worn)
Scrolls
 n - a scroll of fog
Potions
 e - 2 potions of curing
 f - 3 potions of brilliance
 i - 2 potions of heal wounds
 j - a potion of cancellation {unknown}
 m - a potion of mutation {unknown}


   Skills:
 - Level 2.1 Fighting
 + Level 5.2 Staves
 - Level 2.0 Throwing
 - Level 2.6 Dodging


You had 3 spell levels left.
You didn't know any spells.
Your spell library contained the following spells:

 Spells                   Type           Power      Damage    Failure   Level
 Shock                    Conj/Air       0%         1d3       45%         1
 Poisonous Vapours        Pois/Air       0%         N/A       61%         2
 Dazzling Flash           Conj/Hex       0%         N/A       83%         3
 Airstrike                Air            0%         2d(0-16)  99%         4
 Corpse Rot               Necr/Pois/Air  0%         N/A       99%         4
 Iskenderun's Mystic Bla  Conj/Tloc      0%         2d3       99%         4
 Starburst                Conj/Fire      0%         6d3       100%        6
 Swiftness                Air            Unusable   N/A       N/A         3

Dungeon Overview and Level Annotations

Branches:
Dungeon (9/15)
 Temple: D:4-7         Lair: D:8-11         Orc: D:9-12

Altars:
Elyvilon
Vehumet

Shops:
D:7 [

Annotations:
D:6 Edmund


Innate Abilities, Weirdness & Mutations

You cannot be hasted, slowed, berserked, paralysed or teleported.
You can dig through walls and to a lower floor.
You have a pair of large antennae on your head. (SInv)
Your four strong arms can wield two-handed weapons with a shield.


Message History

The orc priest invokes the aid of Beogh against you.
Pain shoots through your body!
You climb downwards.
There is a stone staircase leading up here.
Unknown command.
Unknown command.
Unknown command. 2 gnolls come into view.
The gnoll shouts!
The gnoll bouda shouts!
A gnoll comes into view. It is wielding a +0 flail.
The gnoll throws a throwing net.
The throwing net barely misses you.
The gnoll bouda gazes fiercely through you!
You feel your attacks grow feeble.
The gnoll moves out of view.
The gnoll shouts!
A two-headed ogre comes into view.
It is wielding a +0 giant spiked club and a +0 giant club.
The two-headed ogre shouts in stereo!
You see here a throwing net.
Unknown command.
You hear a shout!
The gnoll bouda barks out a call to the hunt!
The gnoll picks up the pace!
A gnoll comes into view. It is wielding a +0 club.
The two-headed ogre moves out of view.
There is a stone staircase leading up here.
The gnoll bouda hits you with a +0 club!
You climb upwards.
The orc priest barely misses you.
There is a stone staircase leading down here.
The gnoll bouda attacks as you move away!
The gnoll bouda closely misses you.
Your attacks no longer feel as feeble.
The orc priest looks encouraged for a moment.
The orc priest hits you with a +0 dagger.
The yak bellows! x2
The orc priest hits you with a +0 hand axe!
* * * LOW HITPOINT WARNING * * *
Are you sure you want to shaft yourself?
The orc priest calls down the wrath of Beogh upon you.
Beogh smites you!
You die...

#............# #
####.....#......# #
#####........#......## #
...#...Y#...#.......####
...#####.#....#.###..Y..).....
...........Y............######
.....#.#{##.............# ....
.........##..........Y..#.....
...###{#{####@#.........#.....
...#.Yo.oo#.........^..._.
#.##.#.###.g#.........#..... #
#.#.# #.####.......#.....
#.#o# #.# #.......# .... #o#.#
#.. #.......###### ....D ..#
#.........{Y.Y #{.
.............####.# #.
#...............


You could see 3 yaks, a gnoll bouda and 3 orc priests.

Vanquished Creatures
  A gnoll bouda (D:3)
  2 adders (D:2)
  A worm (D:2)
  2 dart slugs (D:2)
  An orc (D:3)
  6 bats
  2 endoplasms
  2 hobgoblins (D:1)
  3 jackals (D:2)
  2 quokkas
  3 ball pythons (D:2)
  4 frilled lizards
  3 goblins
  4 kobolds
  4 rats
40 creatures vanquished.

Notes
Turn   | Place    | Note
-------+----------+-------------------------------------------
     0 | D:1      | MisterFreud the Formicid Gladiator began the quest for the
                  | Orb.
     0 | D:1      | Reached XP level 1. HP: 16/16 MP: 1/1
    58 | D:1      | Found a faded altar of an unknown god.
   412 | D:1      | Reached XP level 2. HP: 13/22 MP: 2/2
   945 | D:2      | Reached skill level 4 in Staves
   945 | D:2      | Reached XP level 3. HP: 25/27 MP: 3/3
  1178 | D:2      | Reached XP level 4. HP: 33/33 MP: 4/4
  1943 | D:3      | Found a radiant altar of Vehumet.
  2765 | D:3      | Reached skill level 5 in Staves
  2767 | D:3      | You fall into a shaft and drop 3 floors!
  2969 | D:6      | Noticed Edmund
  2976 | D:6      | You fall into a shaft and drop 1 floor!
  2977 | D:7      | Noticed a wight
  2978 | D:7      | Noticed a wight
  3012 | D:7      | Found Zipiceur's Antique Armour Emporium.
  3059 | D:8      | Noticed a yak
  3059 | D:8      | Noticed a yak
  3060 | D:8      | Noticed a yak
  3060 | D:8      | Noticed a yak
  3060 | D:8      | Noticed a yak
  3064 | D:8      | Found a white marble altar of Elyvilon.
  3086 | D:8      | Noticed a steam dragon
  3094 | D:9      | Noticed a two-headed ogre
  3100 | D:8      | Killed from afar by an orc priest

Illustrated notes

Levels and vault maps discovered:
D:1:      nzn_arrival_water_spiral, layout_loops_ring,
          chequers_ecumenical_altar_simple
D:2:      layout_basic
D:3:      layout_basic, vehumet_crystals, wad_floor_pattern_2
D:6:      layout_basic, nicolae_uskayaw_dance_studio,
          minmay_temple_entry_large_hall, sigmund_edmund_badplayer
D:7:      layout_loops_ring, chequers_temple_overflow_statue_of_worship,
          mainiacjoe_overflow_tiny_flanked, serial_rivers,
          chequers_serial_rivers_large_a, chequers_serial_rivers_room_b,
          chequers_serial_rivers_marsh, chequers_serial_rivers_small_3,
          serial_shops, nicolae_shop_crystal, uniq_joseph
D:8:      layout_basic, lemuel_tele_altar, gammafunk_temple_overflow_statue,
          serial_shops, nicolae_square_shop
D:9:      nzn_winding_woodlands_large [nzn_winding_woodlands_5x5_closed_star,
          nzn_winding_woodlands_5x15_lazy_stream,
          nzn_winding_woodlands_5x5_default, nzn_winding_woodlands_center_lodge,
          nzn_winding_woodlands_15x15_thick_spiral,
          nzn_winding_woodlands_center_pierced_h,
          nzn_winding_woodlands_5x5_open_star, nzn_winding_woodlands_5x15_twine,
          nzn_winding_woodlands_5x5_checkerboard], layout_loops_cross,
          mainiacjoe_overflow_paths, kennysheep_mini_moat,
          nicolae_overflow_crystal_walls, mainiacjoe_overflow_swirl,
          chequers_serial_rivers_micro_b, nicolae_figureground_sparkle

Skill      XL: |  1  2  3  4 |
---------------+-------------+-----
Staves         | 4 5 |  5.2
Fighting       | |  2.1
Throwing       | |  2.0
Dodging        | |  2.6

Action                   |  1- 3 |  4- 6 || total
-------------------------+-------+-------++-------
Melee: Quarterstaff      |    70 |    37 ||   107
       Punch             |     1 |       ||     1
 Abil: Shaft Self        |       |     3 ||     3
  Use: Scroll            |     4 |     6 ||    10
 Stab: Sleeping          |     2 |       ||     2
Armor: Leather armour    |    21 |     6 ||    27
Dodge: Dodged            |    63 |    20 ||    83
